 Dungeon Crawl Stone Soup version 0.15-a0-2099-gfb1bfb9 (webtiles) character file.

333 N00bl0rd the Shield-Bearer (level 6, -3/49 HPs)
             Began as a Formicid Fighter on July 14, 2014.
             Was a Follower of Cheibriados.
             Slain by a goliath beetle (14 damage)
             ... on Level 4 of the Dungeon.
             The game lasted 00:04:41 (2693 turns).

N00bl0rd the Shield-Bearer (Formicid Fighter)       Turns: 2693, Time: 00:04:41

HP  -3/49        AC 11     Str 26      XL: 6   Next: 82%
MP   8/8         EV  5     Int 10      God: Cheibriados [*.....]
Gold 119         SH 10     Dex 13      Spells:  0 memorised,  5 levels left

rFire  . . .     SeeInvis +     a - +0 war axe
rCold  + . .     Clarity  .     n - +0 plate armour
rNeg   . . .     rCorr    .     c - +0 shield
rPois  .         rRot     .     (helmet unavailable)
rElec  .         Spirit   .     (no cloak)
SustAb .         Warding  .     (no gloves)
rMut   .         Stasis   +     (no boots)
Gourm  .                        (no amulet)
MR     .....                    (no ring)
                                s - ring of protection from cold

@: very slow, not resistant to hostile enchantments, extremely unstealthy
A: permanent stasis, dig shafts and tunnels, four strong arms, antennae 3
a: Dig, Shaft Self, Bend Time, Renounce Religion


You were on level 4 of the Dungeon.
You worshipped Cheibriados.
Cheibriados was aware of your devotion.
You were not hungry.

You visited 1 branch of the dungeon, and saw 4 of its levels.

You collected 119 gold pieces.

Inventory:

Hand weapons
 a - a +0 war axe (weapon)
 u - a +2 vampiric hand axe
Armour
 c - a +0 shield (worn)
 n - a +0 plate armour (worn)
Magical devices
 r - a wand of magic darts (0)
Comestibles
 d - 3 bread rations
 i - a meat ration
 p - a beef jerky
 t - a slice of pizza
 v - 3 rotting chunks of ogre flesh
Scrolls
 b - a scroll of teleportation {unknown}
 h - a scroll of magic mapping {unknown}
 j - a scroll of enchant armour {unknown}
 k - 3 scrolls of enchant weapon {unknown}
 l - 2 scrolls of remove curse {unknown}
 m - 7 scrolls of identify {unknown}
 x - a scroll of fog {unknown}
 y - a scroll of immolation {unknown}
Jewellery
 s - a ring of protection from cold (left hand)
Potions
 e - a potion of might
 f - 2 potions of confusion {unknown}
 g - a potion of agility {unknown}
 o - a potion of cancellation {unknown}
 q - 2 potions of restore abilities {unknown}
 w - 2 potions of degeneration {unknown}


   Skills:
 + Level 4.4 Fighting
 * Level 4.4 Axes
 - Level 3.2 Armour
 + Level 2.2 Dodging
 + Level 5.0 Shields
 + Level 0.8 Invocations


You had 5 spell levels left.
You didn't know any spells.

Dungeon Overview and Level Annotations

Branches:
Dungeon (4/15)
 Temple: D:4-7

Altars:
Cheibriados
Dithmenos
Sif Muna
The Shining One


Innate Abilities, Weirdness & Mutations

Your are under a permanent stasis effect.
You can dig through walls and to a lower floor.
Your four strong arms can wield two-handed weapons with a shield.
You have a pair of large antennae on your head (SInv).


Message History

You barely miss the goliath beetle.
The worker ant waves its antennae.
The goliath beetle bites you!!
Your shield and plate armour prevent you from hitting the worker ant.
You block the worker ant's attack. x2
The goliath beetle bites you!
You hit the worker ant.
The worker ant is moderately wounded.
The worker ant bites you but does no damage.
You hit the worker ant but do no damage.
The worker ant is moderately wounded.
The worker ant bites you but does no damage. x2
The goliath beetle bites you.
* * * LOW HITPOINT WARNING * * *
Your shield and plate armour prevent you from hitting the worker ant.
The worker ant is moderately wounded.
You block the worker ant's attack.
The worker ant bites you but does no damage.
The goliath beetle bites you!
You die...

.# (# .# .##
..##################
....(.......%........
#.##########...#####
.<#######
#...#########.
..........
+...a@B.......
.########
#...########## #####
#...# ....# #...#
....# ...... ....#
#....... ....#
....... ....# .....
....# .


You could see a goliath beetle and a worker ant.

Vanquished Creatures
  An ogre (D:3)
  The ghost of jzilla the Magician, a weakling HEWz (D:3)
  An orc priest (D:3)
  A worker ant (D:4)
  Terence (D:2)
  5 adders
  A giant mite (D:3)
  3 worms (D:2)
  A giant gecko (D:2)
  An ooze (D:2)
  4 orcs (D:3)
  12 bats
  3 giant cockroaches
  8 goblins
  7 hobgoblins
  8 kobolds
  5 quokkas
  8 ball pythons
  5 giant newts
  6 rats
82 creatures vanquished.

Notes
Turn   | Place    | Note
--------------------------------------------------------------
     0 | D:1      | N00bl0rd, the Formicid Fighter, began the quest for the Orb.
     0 | D:1      | Reached XP level 1. HP: 18/18 MP: 1/1
   140 | D:1      | Reached XP level 2. HP: 21/24 MP: 3/3
   614 | D:2      | Reached XP level 3. HP: 15/29 MP: 4/4
   619 | D:2      | Reached skill level 1 in Dodging
   742 | D:2      | Reached skill level 4 in Shields
   782 | D:2      | Reached XP level 4. HP: 32/37 MP: 5/5
   793 | D:2      | Found a shadowy altar of Dithmenos.
   992 | D:2      | Found a glowing golden altar of the Shining One.
  1243 | D:2      | Noticed Terence
  1263 | D:2      | Killed Terence
  1697 | D:3      | Reached XP level 5. HP: 42/42 MP: 7/7
  1701 | D:3      | Noticed jzilla's ghost (weakling HEWz)
  1713 | D:3      | Killed jzilla's ghost
  1974 | D:3      | Found a snail-covered altar of Cheibriados.
  1986 | D:3      | Became a worshipper of Cheibriados the Contemplative
  2195 | D:3      | Reached XP level 6. HP: 8/48 MP: 8/8
  2388 | D:3      | Noticed an ogre
  2396 | D:3      | Killed an ogre
  2613 | D:4      | Found a deep blue altar of Sif Muna.
  2646 | D:4      | Reached skill level 5 in Shields
  2693 | D:4      | Slain by a goliath beetle

Action                   |  1- 3 |  4- 6 || total
-------------------------+-------+-------++-------
Melee: War axe           |   107 |   195 ||   302
  Eat: Chunk             |       |     6 ||     6
